 BcadrenCrawl: Boulder Brew version 0.04.2-14-g97babad5ff (webtiles) character file.

Game seed: 16884188870773620010, levelgen mode: deterministic

5346 diana the Whirler (level 10, 0/53 HPs) Kobold Hunter. Began on May 8, 2021. Slain by a wolf spider zombie (9 damage) ... on level 4 of the Dungeon. The game lasted 00:12:02 (4054 turns).

diana the Whirler (Kobold Hunter)                   Turns: 4054, Time: 00:12:02

Health: 0/53       AC:  5    Str: 10    XL:     10 ^: 121
Magic:  10/10      EV: 15    Int: 12    God:
Gold:   280        SH:  4    Dex: 19    Spells: 9/9 levels left

rFire    . . .     Vision   .   a - +1 hunting sling
rCold    . . .     Gourm    .   f - +2 sai (holy)
rNeg     . . .     Faith    .   k - +0 troll leather {Purgy}
rPois    .         Spirit   .   (no helmet)
rElec    .         Reflect  .   (no cloak)
rCorr    .         Harm     .   r - +0 pair of gloves
MR       +....                  (no boots)
Stlth    ++........             (no amulet)
HPRegen  0.67/turn              i - ring of protection from magic
MPRegen  0.20/turn              (no ring)

@: lethally poisoned (0 -> -6), studying Stealth
A: small, carnivore
a: no special abilities


You were on level 4 of the Dungeon.
You were hungry.

You visited 1 branch of the dungeon, and saw 5 of its levels.

You collected 280 gold pieces.

Inventory:

Weapons
 a - a +1 hunting sling (weapon)
 b - a +0 short sword Shields
 f - a +2 sai of holy wrath (weapon)
Armour
 k - a +0 troll leather (worn) {Purgy}
 r - a +0 pair of gloves (worn)
Jewellery
 i - a ring of protection from magic (left hand)
 y - an uncursed ring of poison resistance
Wands
 q - a wand of hasting (8)
 t - a wand of polymorph (1)
 w - a wand of disintegration (2)
 x - a wand of flame (2)
Scrolls
 c - a scroll of amnesia
 h - 2 scrolls of blinking
 n - a scroll of enchantment
 o - 2 scrolls of teleportation
 p - a scroll of bless item
 z - a scroll of summoning
Potions
 e - 2 potions of berserk rage
 g - 4 potions of heal wounds
 j - 2 potions of ambrosia
 l - a potion of brilliance
 m - 3 potions of curing
 s - a potion of haste
 u - a potion of cure mutation
 v - a potion of might
Comestibles
 d - 11 rations


   Skills:
 - Level 2.1 Fighting
 + Level 10.6 Short Blades
 * Level 17.3 Slings
 - Level 2.4 Dodging
 - Level 1.3 Stealth


You had 9 spell levels left.
You didn't know any spells.
Your spell library contained the following spells:

 Spells                   Type           Power        Failure   Level  Hunger
 Blink                    Tloc           N/A          50%         2    ###....
 Shroud of Golubria       Chrm/Tloc      0 (200)      50%         2    ###....
 Teleport Other           Hex/Tloc       0 (100)      75%         3    ####...
 Force Lance              Tloc/Air       0 (200)      98%         4    #####..
 Force Lasso              Tloc/Erth      0 (200)      98%         4    #####..
 Passage of Golubria      Tloc           N/A          98%         4    #####..


Dungeon Overview and Level Annotations

Branches:
Dungeon (5/8)                Lair (0/6) D:5
 Temple: D:4

Altars:
Ashenzari
Cheibriados
Fedhas Madash
Gozag Ym Sagoz
Nemelex Xobeh
Ru
Uskayaw

Shops:
D:3 *


Innate Abilities, Weirdness & Mutations

You are small and have problems with some larger weapons.
You are carnivorous and can eat meat at any time.


Message History

You hit the wolf spider zombie but do no damage.
The wolf spider zombie is severely damaged. (37/99) HP You block the wolf spider zombie's attack.
The wolf spider zombie bites you (9)!
You puncture the wolf spider zombie (7)!
The wolf spider zombie convulses (5).
The wolf spider zombie is severely damaged. (25/99) HP The wolf spider zombie hits you (13)!
The wolf spider zombie bites you but does no damage.
You hit the wolf spider zombie (6).
The wolf spider zombie convulses (2).
The wolf spider zombie is almost destroyed. (17/99) HP The scorpion barely misses you (0). x2; The scorpion bites you (6).
* * * LOW HITPOINT WARNING * * *
The scorpion stings you (5).
* * * LOW HITPOINT WARNING * * *
You are poisoned.
The scorpion poisons you (23)!!
You block the wolf spider zombie's attack.
The wolf spider zombie bites you (9)!
You die...

..##
+.......###.'......#
.##
#.......##..#......#
.#
#.......##.##......#
.#
#.#.......'..##......#
.#
#.........######'#####
## ..........#
#.....### # ...#.##
#####...# ## ## #.Z###
###.# .# ##s@.#
#######'# ## ##..#
#.†...#.#
#..#####.###.#.# ##
##..#...+...#...# .##
##...#.#####.#######
..# #####....'.#
#...#...... ..#
#........###
#.###.####† ..#
#........# #.........#
### ####'#####
###+#######


You could see a scorpion and a wolf spider zombie.

Vanquished Creatures
  Sigmund (D:3)
  A hippogriff (D:5)
  Grinder (D:3)
  Purgy (D:2)
  2 phantoms
  5 scorpions
  2 black bears
  2 sky beasts (D:5)
  4 ogres
  2 crocodiles (D:2)
  6 big kobolds
  5 bullfrogs
  4 gnoll sergeants (D:5)
  A centaur (D:5)
  3 howler monkeys (D:5)
  5 wights (D:5)
  2 crimson imps (D:4)
  2 orc priests (D:5)
  6 hounds
  7 jellies
  9 orc wizards
  2 gnoll shamans (D:5)
  4 worker ants
  4 iguanas
  A wyvern skeleton (D:4)
  5 giant cockroaches
  3 bullfrog skeletons (D:4)
  8 adders
  19 gnolls
  30 sewer rats (D:2)
  A white imp (D:4)
  8 cinder newts
  2 worms
  A hound zombie (D:5)
  2 worker ant zombies (D:5)
  2 oozes (D:2)
  A hound skeleton (D:4)
  A dart slug (D:3)
  7 leopard geckos
  23 orcs
  3 adder skeletons
  A cinder newt skeleton (D:2)
  2 goblins (D:1)
  3 hobgoblins (D:1)
  8 jackals
  A quokka (D:5)
  3 ball pythons (D:2)
  7 bats
  26 kobolds
  A kobold skeleton (D:2)
  6 rats (D:1)
  2 rat skeletons (D:2)
  5 withered plants (D:2)
263 creatures vanquished.

Vanquished Creatures (others)
  A bullfrog zombie (D:4)
  A sewer rat (D:2)
  A slimehead (D:2)
  96 withered plants (D:2)
99 creatures vanquished.

Grand Total: 362 creatures vanquished

Notes
Turn   | Place    | Note
-------+----------+-------------------------------------------
     0 | D:1      | diana the Kobold Hunter began the quest for the Orb.
     0 | D:1      | Reached XP level 1. HP: 12/12 MP: 1/1
    34 | D:1      | Reached skill level 6 in Slings
    63 | D:1      | Reached XP level 2. HP: 14/17 MP: 2/2
    66 | D:1      | Reached skill level 1 in Short Blades
   271 | D:1      | Reached XP level 3. HP: 21/21 MP: 3/3
   600 | D:1      | Reached skill level 7 in Slings
   693 | D:2      | Noticed a crocodile
   699 | D:2      | Killed a crocodile
   699 | D:2      | Reached XP level 4. HP: 26/26 MP: 4/4
   699 | D:2      | Reached XP level 5. HP: 30/30 MP: 5/5
   701 | D:2      | Reached skill level 8 in Slings
   738 | D:2      | Found a sparkling altar of Nemelex Xobeh.
   754 | D:2      | Reached XP level 6. HP: 32/35 MP: 6/6
   971 | D:2      | Reached skill level 9 in Slings
  1167 | D:2      | Noticed Purgy
  1174 | D:2      | Killed Purgy
  1174 | D:2      | Reached skill level 10 in Slings
  1174 | D:2      | Reached XP level 7. HP: 34/40 MP: 7/7
  1286 | D:2      | HP: 1/40 [crocodile (20)]
  1287 | D:2      | Reached skill level 5 in Short Blades
  1487 | D:2      | Reached skill level 11 in Slings
  1520 | D:2      | Reached XP level 8. HP: 44/44 MP: 8/8
  1571 | D:2      | Found a shattered altar of Ashenzari.
  1975 | D:3      | Identified the cursed ring of Romijug {Wiz Str+4 Stlth+,
                  | (Curse: Fragile)}
  2210 | D:3      | Found a snail-covered altar of Cheibriados.
  2212 | D:3      | Found a sacrificial altar of Ru.
  2251 | D:3      | Reached skill level 12 in Slings
  2281 | D:3      | Found a blossoming altar of Fedhas.
  2287 | D:3      | Noticed Sigmund
  2300 | D:3      | Killed Sigmund
  2373 | D:3      | Noticed Grinder
  2379 | D:3      | Killed Grinder
  2379 | D:3      | Reached skill level 13 in Slings
  2379 | D:3      | Reached XP level 9. HP: 33/48 MP: 9/9
  2389 | D:3      | Found Xiritum's Assorted Antiques.
  2398 | D:3      | Noticed a hatchet
  2399 | D:3      | Noticed a hatchet
  2415 | D:3      | Found a hide-covered altar of Uskayaw.
  2554 | D:4      | Reached skill level 14 in Slings
  2840 | D:4      | Reached skill level 15 in Slings
  3028 | D:5      | Entered Level 5 of the Dungeon
  3035 | D:5      | Reached XP level 10. HP: 53/53 MP: 10/10
  3162 | D:5      | Reached skill level 16 in Slings
  3213 | D:5      | Found an opulent altar of Gozag.
  3295 | D:5      | Found a staircase to the Lair.
  3298 | D:5      | Reached skill level 10 in Short Blades
  3564 | D:5      | Reached skill level 17 in Slings
  4054 | D:4      | Slain by a wolf spider zombie

Levels and vault maps discovered:
D:1:      minmay_arrival_five_plusses, layout_basic
D:2:      layout_sewer, gammafunk_temple_overflow_wave,
          nemelex_xobeh_ov_fountains_minmay, serial_glass, glass_columns_a,
          glass_columns_b, first_ration, basic_altar, uniq_purgy
D:3:      layout_rooms, dancing_weapons_uskayaw, grunt_temple_overflow_open,
          fedhas_ov_isle_minmay, serial_shops, shop, uniq_grinder, uniq_sigmund
D:4:      layout_roguey, lemuel_temple_firewalk_b, ossuary_minmay_four_chambers
D:5:      layout_big_octagon, lemuel_crystal_altar, lair_entry_dummy,
          serial_gnoll_camp, gnoll_camp_medium_02, gnoll_camp_huts_basic,
          gnoll_camp_mini_loothouse, gnoll_camp_mini_sergeant

Skill      XL: |  1  2  3  4  5  6  7  8  9 10 |
---------------+-------------------------------+-----
Slings         | 6 7 8 10 11 13 15 17 | 17.3
Short Blades   | 1 2 3 4 5 7 9 10 | 10.6
Fighting       | |  2.1
Dodging        | |  2.4
Stealth        | |  1.3

Action                   |  1- 3 |  4- 6 |  7- 9 | 10-12 || total
-------------------------+-------+-------+-------+-------++-------
Melee: Unarmed           |     6 |       |       |       ||     6
       Short sword       |     7 |       |       |       ||     7
       Sai               |     5 |    31 |   106 |    21 ||   163
 Fire: Hunting sling     |    41 |    65 |   239 |   258 ||   603
  Use: Scroll            |       |       |     1 |       ||     1
 Stab: Sleeping          |     1 |       |     1 |       ||     2
  Eat: Chunk             |       |       |     6 |     3 ||     9
Armor: Leather armour    |       |     3 |       |       ||     3
       Troll leather     |       |       |     6 |     5 ||    11
Dodge: Dodged            |     7 |    26 |    56 |    35 ||   124
Block: Sai               |       |     2 |     6 |     8 ||    16
